 Dungeon Crawl Stone Soup version 0.21.1-1-g345015fe64 (webtiles) character file.

44 DildoBatman the Magician (level 3, 0/28 HPs)
             Began as a Formicid Wizard on Apr 28, 2018.
             Slain by a goblin (3 damage)
             ... led by Robin
             ... on level 2 of the Dungeon.
             The game lasted 00:05:33 (1393 turns).

DildoBatman the Magician (Formicid Wizard)          Turns: 1393, Time: 00:05:34

Health: 0/28       AC:  3    Str: 11    XL:     3   Next: 85%
Magic:  1/7        EV: 11    Int: 18    God:
Gold:   50         SH:  0    Dex:  9    Spells: 7/8 levels left

rFire    . . .     SeeInvis +   p - +0 mace
rCold    . . .     Gourm    .   (no shield)
rNeg     . . .     Faith    .   e - +0 leather armour (curse)
rPois    .         Spirit   .   (helmet unavailable)
rElec    .         Reflect  .   (no cloak)
rCorr    .         Harm     .   (no gloves)
MR       .....                  (no boots)
Stlth    ++........             (no amulet)
HPRegen  0.09/turn              (no ring)
MPRegen  0.10/turn              (no ring)

@: very slightly contaminated
A: permanent stasis, dig shafts and tunnels, four strong arms, antennae 3
a: Dig, Shaft Self


You were on level 2 of the Dungeon.
You were hungry.

You visited 1 branch of the dungeon, and saw 2 of its levels.

You collected 50 gold pieces.

Inventory:

Hand Weapons
 p - a +0 mace (weapon)
Missiles
 h - 58 stones (quivered)
 o - 12 bolts
Armour
 e - a cursed +0 leather armour (worn)
 k - a +0 buckler
Jewellery
 j - an uncursed amulet of magic regeneration {unknown}
 l - an uncursed ring of wizardry {unknown}
Scrolls
 a - a scroll of identify {unknown}
 g - a scroll of remove curse {unknown}
 i - 2 scrolls of teleportation {unknown}
Potions
 c - a potion of brilliance {unknown}
 d - a potion of resistance {unknown}
 m - a potion of heal wounds {unknown}
 n - a potion of might {unknown}
 q - 2 potions of invisibility {unknown}
Books
 b - a book of Minor Magic

   Spells                             Type                      Level
   a - Magic Dart                     Conjuration                  1
   b - Blink                          Translocation                2
   c - Call Imp                       Summoning                    2
   d - Slow                           Hexes                        2
   e - Conjure Flame                  Conjuration/Fire             3
   f - Mephitic Cloud                 Conjuration/Poison/Air       3
Comestibles
 f - 17 chunks of flesh
 v - a ration


   Skills:
 * Level 2.9 Fighting
 - Level 1.7 Dodging
 - Level 2.4 Stealth
 * Level 1.0 Shields
 - Level 3.2 Spellcasting
 * Level 1.3 Conjurations
   Level 1.0 Summonings
   Level 0.8 Translocations


You had 7 spell levels left.
You knew the following spells:

 Your Spells              Type           Power        Failure   Level  Hunger
a - Magic Dart            Conj           #...         12%         1    None


Dungeon Overview and Level Annotations

Branches:
Dungeon (2/15)

Altars:

Annotations:
D:2 Robin


Innate Abilities, Weirdness & Mutations

You cannot be hasted, slowed, berserked, paralysed or teleported.
You can dig through walls and to a lower floor.
Your four strong arms can wield two-handed weapons with a shield.
You have a pair of large antennae on your head. (SInv)


Message History

The goblin is heavily wounded.
The goblin hits you but does no damage. Robin hits you with a dagger.
The goblin hits you but does no damage. The goblin hits you. x2
Robin's horned helmet rattles.
The goblin hits you with a club.
You extend your mandibles.
You dig through the rock wall.
You are feeling hungry.
Robin throws the goblin at you! The goblin closely misses you.
You retract your mandibles.
Robin throws the goblin at you! The goblin hits you with a dagger.
The goblin closely misses you. Robin throws the goblin at you!
The goblin hits you. The goblin hits you.
You die...

##### ##...## ##.....#
###########.......
#...#....##.......
#...#....##.......
#@.l#....# #.....#
#######ggg.....###...<.#
#...<..gg.#....##....)g.
.............g....#........
.####.###....#g............
............†..#....)..#
#.#####...#.....#.......##
#. #..#..../###.......## .
........#...........##


You could see Robin, a hobgoblin, 5 goblins and a frilled lizard.

Vanquished Creatures
  A leopard gecko (D:2)
  4 giant cockroaches
  7 goblins
  6 hobgoblins
  7 jackals (D:1)
  A ball python (D:1)
  2 bats (D:1)
  2 frilled lizards (D:1)
  3 kobolds
  4 rats (D:1)
37 creatures vanquished.

Notes
Turn   | Place    | Note
-------+----------+-------------------------------------------
     0 | D:1      | DildoBatman the Formicid Wizard began the quest for the Orb.
     0 | D:1      | Reached XP level 1. HP: 13/13 MP: 4/4
   273 | D:1      | Reached skill level 1 in Conjurations
   290 | D:1      | Reached skill level 1 in Fighting
   368 | D:1      | Reached XP level 2. HP: 10/21 MP: 1/6
   721 | D:1      | Reached XP level 3. HP: 16/28 MP: 4/7
  1309 | D:2      | Noticed Robin
  1323 | D:1      | Reached skill level 1 in Shields
  1393 | D:2      | Slain by a goblin

Skill      XL: |  1  2  3 |
---------------+----------+-----
Conjurations   | 1 |  1.3
Fighting       | 1 2 |  2.9
Shields        | 1 |  1.0
Dodging        | |  1.7
Stealth        | |  2.4
Spellcasting   | |  3.2
Summonings     | |  1.0
Translocations | |  0.8

Action                   || total
-------------------------++-------
Melee: Unarmed           ||    16
       Club              ||    21
       Mace              ||    16
 Cast: Magic Dart        ||    72
 Abil: Dig               ||     1
  Eat: Chunk             ||     1
Armor: Robe              ||     6
       Leather armour    ||    24
Dodge: Dodged            ||    43
